AoeStats
← bkg45

Black Forest

503230085Analyzed
3v3 RM · 1mo ago on Aug 30, 2026· 51m 49s· 6 players
Game mode
Random Map
Map size
Normal (6 player)
Population
200
Speed
Normal
Resources
Standard
Victory
Conquest
Starting age
Dark Age
Ending age
Imperial Age
RankedLock teamsTeams togetherTeam positionsShared explorationLock speedFull tech treeHidden civsTurbo modeCheats
Victory
Defeat
🇨🇳 Mongols · China
1205
+15
🇭🇰 Shu · Hong Kong SAR China
1204
+16
🇫🇷 Franks · France
1147
+18
🇺🇸 Persians · United States
1294
-21
🇺🇸 Italians · United States
1217
-17
🇺🇸 Spanish · United States
1073
-15
pickmyself or end
0:29 Loom
11:30 Feudal Age
12:10 Double-Bit Axe
12:10 Horse Collar
15:00 Castle Age
16:58 Wheelbarrow
16:41 Bow Saw
16:37 Heavy Plow
22:23 Wheelbarrow
24:53 Hand Cart
24:30 Town Watch
24:37 Gold Mining
24:42 Stone Mining
24:44 Gold Mining
29:18 Imperial Age
27:25 Stone Shaft Mining
27:26 Gold Shaft Mining
26:45 Fletching
26:56 Padded Archer Armor
27:36 Bodkin Arrow
28:58 Leather Archer Armor
28:55 Forging
29:54 Ballistics
30:04 Bracer
30:27 Conscription
29:28 Onager
31:13 Chemistry
30:02 Light Cavalry
30:07 Elite Mangudai
31:45 Parthian Tactics
31:33 Bloodlines
31:24 Husbandry
32:04 Iron Casting
31:34 Scale Barding Armor
32:07 Iron Casting
30:59 Capped Ram
32:00 Thumb Ring
32:05 Hussar
33:22 Chain Barding Armor
33:32 Drill
35:50 Blast Furnace
34:13 Siege Ram
35:43 Siege Engineers
36:59 Coinage
39:05 Banking
38:35 Caravan
41:15 Siege Onager
44:07 Hoardings
toul35
9:43 Feudal Age
14:27 Loom
17:01 Castle Age
15:34 Double-Bit Axe
16:17 Forging
18:54 Bow Saw
21:16 Wheelbarrow
24:31 Gold Mining
28:51 Husbandry
29:43 Iron Casting
31:45 Imperial Age
29:41 Town Watch
31:05 Iron Casting
30:41 Caravan
31:33 Hand Cart
31:50 Scale Barding Armor
33:34 Chemistry
32:08 Cavalier
35:44 Blast Furnace
35:28 Pikeman
36:09 Squires
36:10 Scale Mail Armor
36:31 Chain Barding Armor
36:17 Halberdier
37:33 Chain Mail Armor
39:45 Plate Mail Armor
40:21 Chivalry
40:41 Conscription
40:11 Paladin
42:23 Plate Barding Armor
44:28 Gold Shaft Mining
43:45 Stone Mining
47:40 #83
47:44 Ballistics
49:28 Fletching
50:32 Bodkin Arrow
52:35 Coinage
Dragerwoods
0:26 Loom
13:14 Feudal Age
15:03 Double-Bit Axe
18:35 Fletching
21:05 Wheelbarrow
24:10 Castle Age
22:26 Gold Mining
22:51 Stone Mining
23:38 Padded Archer Armor
24:17 Crossbowman
24:57 Bodkin Arrow
35:28 Imperial Age
33:20 Pikeman
34:02 Squires
34:25 Hand Cart
36:33 Forging
40:06 Arbalester
50:59 Halberdier
51:25 Arson
51:26 Gambesons
52:25 Scale Mail Armor
-- .- -. .. ... ....
0:51 Loom
16:00 Feudal Age
19:10 Wheelbarrow
20:19 Double-Bit Axe
27:25 Castle Age
25:28 Stone Mining
25:29 Gold Mining
28:57 Hand Cart
31:38 Husbandry
35:39 Forging
35:34 Scale Barding Armor
34:58 Elite Skirmisher
nprhino_aoe
5:53 Loom
11:23 Feudal Age
14:58 Castle Age
13:17 Double-Bit Axe
14:47 Horse Collar
15:54 Bow Saw
16:12 Heavy Plow
23:40 Wheelbarrow
22:50 Town Watch
23:14 Gold Mining
23:26 Stone Mining
30:08 Imperial Age
28:54 Scale Barding Armor
29:13 Hand Cart
29:26 Forging
30:29 Chain Barding Armor
30:10 Fletching
30:58 Iron Casting
30:38 Bloodlines
30:28 Husbandry
30:57 Conscription
32:23 Plate Barding Armor
34:19 Blast Furnace
34:42 Elite War Elephant
bkg45
6:47 Loom
9:24 Feudal Age
9:31 Man-at-Arms
19:19 Town Watch
21:56 Castle Age
20:10 Fletching
20:49 Double-Bit Axe
21:28 Horse Collar
23:00 Bodkin Arrow
25:13 Bow Saw
31:44 Wheelbarrow
32:46 Crossbowman
38:43 Imperial Age
38:02 Padded Archer Armor
39:14 Ballistics
39:31 Bracer
42:55 Leather Archer Armor
43:23 Gold Mining
44:43 Chemistry
45:57 Elite Genoese Crossbowman
48:53 Ring Archer Armor
48:30 Thumb Ring
50:37 Conscription
51:02 Scale Barding Armor
51:08 Forging
Connection lost

Rejoining the realm…

Still unreachable

The connection could not be restored.

Session expired

The server has moved on; the page needs a fresh start.